[Event "Late-Titled-Tuesday-Blitz-February-27-2024"]
[Site "Chess.com"]
[Date "2024.02.27"]
[Round "10"]
[White "Schattman"]
[Black "rcmz"]
[Result "1/2-1/2"]
[WhiteElo "2410"]
[BlackElo "2228"]
[TimeControl "180+1"]
[EndTime "15:56:04 PST"]
[Termination "Game drawn by agreement"]

1. f4 e5 2. fxe5 d6 3. exd6 Bxd6 4. Nf3 Ne7 5. d4 Ng6 6. e4 Nh4 7. e5 Nxf3+ 8. Qxf3 Be7 9. c3 Bg5 10. Bxg5 Qxg5 11.
Nd2 c6 12. Bc4 O-O 13. Ne4 Qh4+ 14. g3 Qg4 15. O-O b5 16. Bb3 Qxf3 17. Rxf3 Be6 18. Bxe6 fxe6 19. Rxf8+ Kxf8 20. Ng5 Ke7 21. Nxh7 Nd7 22.
Rf1 Rh8 23. Ng5 Rf8 24. Rxf8 Nxf8 25. Kf2 Ng6 26. h4 Nf8 27. Kf3 Nd7 28. Ne4 Nb6 29. b3 Nd5 30. c4 bxc4 31. bxc4 Nb4 32. g4 Nxa2 33. h5 Nb4 34. Nc5 Nc2 35. Ke4 Ne1 36.
g5 Ng2 37. h6 gxh6 38. gxh6 Nh4 39. Kf4 Ng6+ 40. Kg5 Nh8 41. h7 Kf7 42. Kh6 a5 43.
Na4 Kf8 44. Nb6 Kf7 45. Kg5 Kg7 46. Na4 Nf7+ 47. Kh5 Kxh7 48. Nc5 Nd8 49. Kg5 Kg7 50. Kh5 Kf7 51. Kg5 Ke7 52. Kg6 Nf7 53. Kh5 Nd8 54. Kg6 1/2-1/2

[Event "Late-Titled-Tuesday-Blitz-February-27-2024"]
[Site "Chess.com"]
[Date "2024.02.27"]
[Round "10"]
[White "GoValya"]
[Black "gxbg2000"]
[Result "1-0"]
[WhiteElo "2247"]
[BlackElo "1949"]
[TimeControl "180+1"]
[EndTime "15:56:04 PST"]
[Termination "GoValya won by resignation"]

1. d4 d5 2. Nf3 Nf6 3. g3 e6 4. Bg2 Be7 5. O-O O-O 6. c4 c6 7. Nc3 Nbd7 8. Qc2 Re8 9. b3 Nf8 10. e4 dxe4 11. Nxe4 Nxe4 12. Qxe4 Ng6 13. Bb2 Bf6 14. Rad1 Bd7 15. Ne5 Qc7 16. f4 Rad8 17. Kh1 Bc8 18. g4 Bxe5 19. fxe5 Qe7 20. Rf2 Qh4 21. Rdf1 Rf8 22. Ba3 Ne7 23. g5 Qxe4 24. Bxe4 Rde8 25. h4 g6 26. Rf6 Kg7 27. Kg2 Nf5 28.
Bxf8+ Kxf8 29. Bxf5 gxf5 30. h5 Kg7 31. Kf3 Rd8 32. Ke3 Bd7 33. g6 hxg6 34. hxg6 fxg6 35. Rg1 Be8 36. Rxe6 Bf7 37. Re7 Kf8 38. Rxb7 a5 39.
Ra7 a4 40. Rxa4 Ke7 41. Ra7+ Ke6 42. Rc7 Be8 43. a4 Rb8 44. Rb1 g5 45. a5 f4+ 46.
Kf3 Bh5+ 47. Kf2 g4 48. Rh7 g3+ 49. Kg2 Bg6 50. Rh6 Kf5 51. Rb2 Kg5 52. Rxg6+ Kxg6 53. Kf3 Kf5 54. a6 Rg8 55. a7 Ra8 56. Ra2 c5 57.
dxc5 Kxe5 58. b4 Kd4 59. b5 Kxc5 60. Kxf4 g2 61. Rxg2 Rxa7 62. Rc2 Re7 63. Kf5 Re1 64. Kf4 Re8 65. Rc1 Re6 66. Kf5 Re2 67. Kf6 Re4 68.
Rb1 Rxc4 69. b6 Rf4+ 70. Ke7 Re4+ 71. Kd7 Rd4+ 72. Kc7 Rh4 73. b7 Rh7+ 74. Kb8 Kc6 75. Rc1+ Kb6 76. Rb1+ Ka6 77. Ka8 Rxb7 78. Rxb7 1-0

[Event "Late-Titled-Tuesday-Blitz-February-27-2024"]
[Site "Chess.com"]
[Date "2024.02.27"]
[Round "10"]
[White "1977Ivan"]
[Black "Oleksandr_Bortnyk"]
[Result "0-1"]
[WhiteElo "2738"]
[BlackElo "3038"]
[TimeControl "180+1"]
[EndTime "15:56:05 PST"]
[Termination "Oleksandr_Bortnyk won by checkmate"]

1. d4 f6 2. e4 Kf7 3. Nf3 e6 4. Nc3 c6 5. Bd3 d5 6. O-O Bb4 7. Ne2 Ne7 8. c3 Ba5 9. h4 g6 10. Bh6 Bc7 11. Re1 dxe4 12. Bxe4 a5 13. Qd2 a4 14. Rad1 b5 15. Bf4 Na6 16. Ng3 Bxf4 17. Qxf4 Kg7 18. h5 Rf8 19. h6+ Kg8 20. Re2 Qc7 21.
Qc1 Bd7 22. Rde1 Nd5 23. Bc2 a3 24. Bb3 axb2 25. Qxb2 Qa5 26. Ne4 Qc7 27. g3 Kh8 28. Nh2 Rae8 29. c4 Nb6 30. c5 Nd5 31. Nd6 Ra8 32. Ng4 Nab4 33. Qd2 Qa5 34. Rxe6 Bxe6 35. Rxe6 Qc7 36. Qe2 Qd7 37. f4 Nxa2 38. Bxa2 Rxa2 39. Qxa2 Qxe6 40. Qa7 Qe7 41. Qa1 b4 42. f5 g5 43.
Kh2 Qe2+ 44. Kh3 Qf3 45. Qa7 Nf4+ 46. Kh2 Qg2# 0-1

[Event "Late-Titled-Tuesday-Blitz-February-27-2024"]
[Site "Chess.com"]
[Date "2024.02.27"]
[Round "10"]
[White "bazar-wokzal"]
[Black "Narek_Ghimoyan"]
[Result "1-0"]
[WhiteElo "2615"]
[BlackElo "2420"]
[TimeControl "180+1"]
[EndTime "15:56:06 PST"]
[Termination "bazar-wokzal won by resignation"]

1. e4 c5 2. c3 d5 3. exd5 Qxd5 4.
d4 g6 5. Nf3 Bg7 6. c4 Qe4+ 7.
Be3 cxd4 8. Nxd4 Nc6 9. Nc3 Qe5 10. Nxc6 bxc6 11. Be2 Nf6 12. O-O O-O 13. Bf3 Be6 14. Bxc6 Rac8 15. Bd4 Qa5 16. Bd5 Bxd5 17. Nxd5 Nxd5 18.
Bxg7 Kxg7 19. Qxd5 Qxd5 20. cxd5 Rfd8 21. Rfd1 Rc5 22. Kf1 Rdxd5 23. Rxd5 Rxd5 24. Ke2 Re5+ 25. Kd3 Rd5+ 26. Kc3 Rc5+ 27. Kb3 Re5 28. Rc1 Rb5+ 29. Ka3 Ra5+ 30. Kb3 Rb5+ 31. Kc2 Rc5+ 32. Kb1 Re5 33. b3 g5 34. Kb2 g4 35. b4 h5 36. a4 f5 37. b5 f4 38. Kb3 h4 39. Rc4 Rf5 40.
Kb4 g3 41. fxg3 h3 42. gxh3 f3 43. Rc1 f2 44. Rf1 e5 45. Kc4 e4 46. Kd4 Rf3 47. Kxe4 Ra3 48. Rxf2 Rxa4+ 49. Kd5 Ra5 50. Kc6 Ra2 51.
Rxa2 1-0

[Event "Late-Titled-Tuesday-Blitz-February-27-2024"]
[Site "Chess.com"]
[Date "2024.02.27"]
[Round "10"]
[White "BabageldiAnnaberdiyev"]
[Black "Bkmzzzzz"]
[Result "1-0"]
[WhiteElo "2623"]
[BlackElo "2413"]
[TimeControl "180+1"]
[EndTime "15:56:09 PST"]
[Termination "BabageldiAnnaberdiyev won by resignation"]

1. e4 d6 2. d4 Nf6 3. Nc3 e5 4. Nf3 Nbd7 5. Bc4 Be7 6. O-O O-O 7. h3 c6 8. a4 b6 9. Bg5 a6 10. Bxf6 Bxf6 11. d5 Bb7 12. dxc6 Bxc6 13. Bd5 Qc7 14.
Bxc6 Qxc6 15. Nd5 Bd8 16. c3 f5 17. exf5 Rxf5 18. Ne3 Rf7 19. Qd5 Rc8 20. Rfd1 Be7 21. Qxc6 Rxc6 22. Nd5 a5 23. Nd2 Nf6 24.
Nf1 Ne4 25. f3 Nc5 26. b4 Ne6 27. b5 Rc5 28. Nfe3 Bd8 29. Kf2 Rd7 30. Rd3 Kf7 31.
Rad1 g6 32. g3 Rc8 33. h4 Nc5 34. c4 Nxd3+ 35. Rxd3 Ke6 36. Nc3 Rc5 37. Ne4 Rc8 38.
Ke2 Be7 39. Nd5 Rxc4 40. Nxb6 Rc2+ 41. Ke3 Rb7 42. Nd5 Bf8 43. Ng5+ Kd7 44. Nf6+ Kd8 45. Nfe4 Kc7 46. Nxh7 Be7 47. Nhg5 Kd7 48. Nf7 Rc4 49. Nxe5+ 1-0

[Event "Late-Titled-Tuesday-Blitz-February-27-2024"]
[Site "Chess.com"]
[Date "2024.02.27"]
[Round "10"]
[White "Njal28"]
[Black "FairChess_on_YouTube"]
[Result "1-0"]
[WhiteElo "3053"]
[BlackElo "3100"]
[TimeControl "180+1"]
[EndTime "15:56:10 PST"]
[Termination "Njal28 won by checkmate"]

1. d4 d5 2. Nf3 Nf6 3. c4 dxc4 4.
e3 e6 5. Bxc4 c5 6. O-O a6 7. Re1 Nc6 8. Bd3 Be7 9. dxc5 Bxc5 10. a3 O-O 11. b4 Bd6 12. Bb2 Qe7 13. Nbd2 e5 14. Ne4 Rd8 15. Qc2 h6 16. Ng3 Bc7 17. Rad1 Be6 18. Bf5 Rac8 19. Qb1 Bxf5 20. Qxf5 Rxd1 21.
Rxd1 Rd8 22. Rc1 Qd7 23. Qxd7 Nxd7 24. Nf5 Nb6 25. g4 f6 26. h4 Na4 27. Ba1 Rd3 28. g5 hxg5 29. hxg5 Kf7 30. Kg2 Rxa3 31. Rd1 Nxb4 32.
g6+ Kxg6 33. N3h4+ Kf7 34. Rd7+ Ke6 35. Rxc7 Nd5 36. Nxg7+ Kd6 37. Rc1 Nxe3+ 38. fxe3 Nc5 39. Nhf5+ Kd5 40. Kf3 Nb3 41. Rd1+ Kc5 42. Bc3 a5 43. Be1 b5 44. Ne6+ Kc4 45. Nd6# 1-0

[Event "Late-Titled-Tuesday-Blitz-February-27-2024"]
[Site "Chess.com"]
[Date "2024.02.27"]
[Round "10"]
[White "stollenmonster"]
[Black "farzadbfd"]
[Result "1-0"]
[WhiteElo "2855"]
[BlackElo "2677"]
[TimeControl "180+1"]
[EndTime "15:56:12 PST"]
[Termination "stollenmonster won by resignation"]

1. e4 e5 2. Nc3 Nf6 3. g3 Bc5 4. Bg2 d6 5. h3 h5 6. d3 Nc6 7. Bg5 Nd4 8. Na4 Ne6 9. Bc1 h4 10. g4 Nd7 11. Ne2 g5 12. c3 Ndf8 13. d4 Bb6 14. O-O Ng6 15. Kh2 Bd7 16. Nxb6 axb6 17. Be3 O-O 18. Qd2 Bb5 19. b3 Bxe2 20. Qxe2 Ngf4 21. Qb2 Kg7 22. a4 f6 23. Rfd1 Qe7 24. Bf1 Ng6 25. Bc4 Nef4 26. Re1 Rfd8 27. Rad1 Kh6 28.
Qc2 Kg7 29. b4 Kh6 30. Bf1 Kg7 31. Ra1 Qd7 32. a5 b5 33. c4 bxc4 34. Qxc4 exd4 35.
Bxd4 Re8 36. Qc3 Ne5 37. b5 c6 38. a6 bxa6 39. bxa6 c5 40. Bxe5 fxe5 41. Reb1 Re7 42. Rb7 Qe8 43. Rxe7+ Qxe7 44. Rb1 Kh6 45. Rb6 Qf6 46.
Qxc5 Rd8 47. a7 Ng6 48. Qe3 Ra8 49. Rb8 Rxa7 50. Qxa7 Qf4+ 51. Kg1 Qxe4 52. Qe3 Qh1+ 53. Kxh1 1-0

[Event "Late-Titled-Tuesday-Blitz-February-27-2024"]
[Site "Chess.com"]
[Date "2024.02.27"]
[Round "10"]
[White "Vigg-Sama"]
[Black "maximnovik"]
[Result "0-1"]
[WhiteElo "2287"]
[BlackElo "2600"]
[TimeControl "180+1"]
[EndTime "15:56:14 PST"]
[Termination "maximnovik won by checkmate"]

1. e4 c6 2. d4 d5 3. e5 Bf5 4. Nd2 e6 5. Nb3 Nd7 6. Nf3 a6 7. Be2 c5 8. dxc5 Nxc5 9. Nfd4 Bg6 10. O-O Nxb3 11. axb3 Ne7 12. Bd2 Nf5 13. Nxf5 Bxf5 14. Ba5 Qd7 15. c4 Bc5 16. cxd5 exd5 17. b4 Ba7 18.
Bf3 Be6 19. b5 Qxb5 20. Qd2 O-O 21. Bc7 Bb8 22. Ra5 Qd7 23. Bxb8 Raxb8 24. Rd1 Rfd8 25.
Rc5 Qe7 26. Qd4 Rbc8 27. Rdc1 Rxc5 28. Rxc5 h6 29. h3 Qd7 30. Be2 Rc8 31. Bd3 Rxc5 32.
Qxc5 g6 33. f4 h5 34. Kf2 d4 35. Qd6 Qxd6 36. exd6 Kf8 37. Kf3 Bd5+ 38. Be4 Bxe4+ 39. Kxe4 Ke8 40. Kxd4 Kd7 41. Ke5 a5 42. g4 hxg4 43.
hxg4 b5 44. g5 a4 45. Kf6 b4 46. Kxf7 a3 47. bxa3 bxa3 48. f5 a2 49. fxg6 a1=Q 50. g7 Qa2+ 51. Kf8 Qf2+ 52. Kg8 Kxd6 53. Kh7 Qh4+ 54.
Kg6 Qc4 55. Kh7 Qe4+ 56. Kh6 Qe8 57. Kh7 Qh5+ 58. Kg8 Ke6 59. Kf8 Qf7# 0-1

[Event "Late-Titled-Tuesday-Blitz-February-27-2024"]
[Site "Chess.com"]
[Date "2024.02.27"]
[Round "10"]
[White "Boorchess"]
[Black "N_Mullodzhanov"]
[Result "0-1"]
[WhiteElo "2514"]
[BlackElo "2473"]
[TimeControl "180+1"]
[EndTime "15:56:14 PST"]
[Termination "N_Mullodzhanov won by checkmate"]

1. d4 Nf6 2. c4 g6 3. f3 c5 4. d5 d6 5. e4 Bg7 6. Be3 e6 7. Qd2 exd5 8. cxd5 O-O 9. Nc3 a6 10. a4 Nbd7 11. Nh3 b6 12. Be2 Re8 13.
O-O Ne5 14. Nf2 Rb8 15. h3 h5 16. Rfe1 Kh7 17. Rab1 Ng8 18. f4 Nd7 19. g3 Nf8 20. Bd3 Bd7 21. Bxa6 Nf6 22. Bd3 Qc8 23. Kh2 c4 24.
Bc2 h4 25. g4 Ng8 26. Nb5 Bxb5 27. axb5 c3 28. Qe2 cxb2 29. Red1 Ra8 30. Bd4 Bxd4 31. Rxd4 Ra1 32. Rc4 Qa8 33. Rxb2 Qa3 34. Rb3 Qc1 35. Nd1 Qxf4+ 36. Kg2 Nd7 37. Rf3 Qc1 38. Rxf7+ Kh8 39.
Rc7 Ndf6 40. Qe3 Qxe3 41. Nxe3 Ra3 42. g5 Rxe3 43. gxf6 Nxf6 44. Rxf6 Rg3+ 45. Kf2 Rxh3 46. Rxd6 Rf8+ 47. Ke2 Rh2+ 48. Kd3 Rf3+ 49. Kd4 Rd2+ 50. Ke5 Rf8 51. Rxg6 Re8+ 52. Kd6 h3 53. Rh6+ Kg8 54.
Rxh3 Rg2 55. Kc6 Rxc2+ 56. Kxb6 Rb8+ 57. Rb7 Re8 58. Ra3 Re2 59. Ra4 Rg2 60. Ka7 Kh8 61.
b6 Rgg8 62. Rc4 Ra8# 0-1

[Event "Late-Titled-Tuesday-Blitz-February-27-2024"]
[Site "Chess.com"]
[Date "2024.02.27"]
[Round "10"]
[White "KNVB"]
[Black "dolynachess"]
[Result "1-0"]
[WhiteElo "2808"]
[BlackElo "2491"]
[TimeControl "180+1"]
[EndTime "15:56:16 PST"]
[Termination "KNVB won on time"]

1. e4 c5 2. Nf3 d6 3. c3 Nf6 4. Be2 g6 5. O-O Bg7 6. Re1 O-O 7.
Bf1 Bg4 8. d3 Nc6 9. Nbd2 Rb8 10. h3 Bxf3 11. Nxf3 e5 12. a4 a6 13. g3 b5 14. axb5 axb5 15. Bg2 b4 16. Nd2 Qc7 17.
Nc4 Ra8 18. Bd2 Nd7 19. Qc2 Nb6 20. Ne3 bxc3 21. bxc3 Rfb8 22. h4 Ne7 23. h5 Rxa1 24. Rxa1 Ra8 25. Rxa8+ Nxa8 26. Qa4 Qd8 27. Nc4 gxh5 28.
Qa6 Ng6 29. Qxd6 Qxd6 30. Nxd6 Nb6 31. Be3 Na4 32. c4 h4 33. Bf3 hxg3 34. fxg3 Bf8 35. Nb7 Nb2 36. Be2 Na4 37. Bd1 Nc3 38. Bc2 Ne2+ 39.
Kf2 Nd4 40. Bd1 Kg7 41. Bg4 Kf6 42. Na5 Bd6 43. Kg2 Ne7 44. Nb7 1-0

[Event "Late-Titled-Tuesday-Blitz-February-27-2024"]
[Site "Chess.com"]
[Date "2024.02.27"]
[Round "10"]
[White "Abund"]
[Black "xakevicius91"]
[Result "1-0"]
[WhiteElo "2740"]
[BlackElo "2570"]
[TimeControl "180+1"]
[EndTime "15:56:16 PST"]
[Termination "Abund won by resignation"]

1. Nf3 Nf6 2. e3 b6 3. b3 Bb7 4.
Bb2 e6 5. c4 c5 6. d4 cxd4 7. Nxd4 Be7 8. Nd2 O-O 9. Bd3 d6 10. O-O Nbd7 11. Rc1 a6 12. Qe2 Rc8 13. h3 Qc7 14. Rfd1 Qb8 15. Nf1 Nc5 16. Bb1 Nce4 17. f3 Nc5 18. e4 Rfd8 19. Ne3 Ba8 20. Rd2 Re8 21. Qf2 Rcd8 22. Rcd1 b5 23. Ba1 d5 24.
cxd5 exd5 25. Ndf5 Qa7 26. Nxe7+ Qxe7 27. Nf5 Qc7 28.
Rc1 d4 29. b4 Ncxe4 30. Rxc7 Nxf2 31. Kxf2 g6 32. Nxd4 Nd5 33. Rc1 Nxb4 34. Rcd1 Rc8 35. Bb2 Nd5 36. Ne2 Ne3 37. Re1 Nc4 38. Rc2 Rcd8 39. Bc1 Ne5 40. Rc3 b4 41. Re3 Nd3+ 42. Rxd3 Rc8 43. Bd2 a5 44. Nd4 Red8 45. Nb3 Rxd3 46.
Bxd3 a4 47. Nc1 b3 48. axb3 axb3 49. Nxb3 Bd5 50. Nc1 Ra8 51. Be4 Rd8 52. Bxd5 Rxd5 53. Be3 f6 54. Ne2 Kf7 55. Nc3 Rd3 56. Ne4 f5 57.
Ng5+ Kf6 58. f4 h6 59. Nf3 g5 60. fxg5+ hxg5 61. Bxg5+ Kg6 62. Bf4 Ra3 63. Re2 Kf6 64.
g3 1-0

[Event "Late-Titled-Tuesday-Blitz-February-27-2024"]
[Site "Chess.com"]
[Date "2024.02.27"]
[Round "10"]
[White "SocoLoco"]
[Black "Mikhail646464"]
[Result "1-0"]
[WhiteElo "2227"]
[BlackElo "2340"]
[TimeControl "180+1"]
[EndTime "15:56:17 PST"]
[Termination "SocoLoco won on time"]

1. e4 c6 2. b3 e5 3. Bb2 d6 4.
Nf3 Nd7 5. d4 Qc7 6. Bd3 Ngf6 7.
O-O Be7 8. Re1 O-O 9. Nbd2 Re8 10. c3 Bf8 11. Rc1 a5 12. a3 a4 13. b4 b5 14.
Nf1 Bb7 15. Qc2 Nb6 16. Ne3 g6 17. c4 bxc4 18. Nxc4 Nxc4 19. Bxc4 Bg7 20. dxe5 dxe5 21. Ng5 Re7 22. Qc3 Nd7 23. Rc2 Rf8 24. h4 h6 25.
Nf3 Kh7 26. Rec1 Nf6 27. Bd3 Qb8 28. Rd2 Nh5 29. g3 Qc8 30. Rcd1 Qg4 31. Be2 Nf4 32. Bf1 c5 33. Qe3 f5 34. Rd7 Rxd7 35. Rxd7 fxe4 36. Rxb7 exf3 37. Bxe5 Rg8 38. Qxf4 Qxf4 39. gxf4 cxb4 40. Rxb4 Kh8 41. Bxg7+ Rxg7 42. Rxa4 Rc7 43. Rd4 1-0

[Event "Late-Titled-Tuesday-Blitz-February-27-2024"]
[Site "Chess.com"]
[Date "2024.02.27"]
[Round "10"]
[White "IMRosen"]
[Black "Nf3c5"]
[Result "1-0"]
[WhiteElo "2690"]
[BlackElo "2553"]
[TimeControl "180+1"]
[EndTime "15:56:19 PST"]
[Termination "IMRosen won on time"]

1. e4 e5 2. Nf3 Nc6 3. Bc4 Nf6 4. d3 Bc5 5. a4 a6 6. Nc3 h6 7. h3 d6 8. a5 Bb4 9. Bd5 Nxd5 10. exd5 Ne7 11.
O-O Bxc3 12. bxc3 Nxd5 13. d4 e4 14. c4 Nf6 15. Re1 O-O 16. Nh2 Bf5 17. Nf1 Re8 18.
Rb1 Rb8 19. Ng3 Bg6 20. d5 c5 21. Rb6 Qc7 22. Bf4 Rbd8 23. Qb1 Re7 24. Qb2 Nh5 25.
Nxh5 Bxh5 26. Rb1 Rdd7 27. Qb3 Bg6 28. Qg3 Qd8 29. Bxd6 Re8 30. Bxc5 e3 31. Bxe3 Bxc2 32. Bxh6 Bg6 33. Bg5 Qc8 34. Rc1 Re4 35. c5 Rxd5 36. c6 bxc6 37. Rb8 Re8 38. Rxc8 Rxc8 39. Be3 c5 40. h4 c4 41. Qg4 Bf5 42. Qf3 Be6 43. h5 c3 44. h6 gxh6 45. Bxh6 Rc4 46. Qf6 Rg4 47. Rxc3 1-0

[Event "Late-Titled-Tuesday-Blitz-February-27-2024"]
[Site "Chess.com"]
[Date "2024.02.27"]
[Round "10"]
[White "Korchmar_Vasiliy"]
[Black "AryanTari"]
[Result "0-1"]
[WhiteElo "2711"]
[BlackElo "2930"]
[TimeControl "180+1"]
[EndTime "15:56:20 PST"]
[Termination "AryanTari won on time"]

1. Nf3 c5 2. c4 Nc6 3. Nc3 g6 4. e3 Nf6 5. d4 cxd4 6. exd4 d5 7. cxd5 Nxd5 8. Bc4 Nb6 9. Bb3 Bg7 10. d5 Na5 11. O-O O-O 12. Bg5 h6 13. Bh4 g5 14. Bg3 Bg4 15. h3 Bh5 16. Re1 Nxb3 17. axb3 Re8 18.
Qd3 Bxc3 19. bxc3 Qxd5 20. Nd4 e5 21. Qb5 f6 22. Qxd5+ Nxd5 23. Nb5 a6 24. Nd6 Re6 25.
Nxb7 Nxc3 26. b4 Rb6 27. Nc5 Rxb4 28. Nxa6 Rc4 29. Kh2 Nd5 30. Ra5 Bf7 31. Rea1 h5 32. Kg1 h4 33. Bh2 Rac8 34. Re1 Rc1 35. Ra1 Rxe1+ 36.
Rxe1 Rc6 37. Nb8 Rc7 38. Na6 Rc8 39. Rb1 Nc3 40. Rb8 Rxb8 41. Nxb8 Be8 42. g3 hxg3 43.
Bxg3 Ne2+ 44. Kh2 Kf7 45. Na6 Bc6 46. Nb4 Be4 47. Na6 Nd4 48. Nc5 Bd5 0-1

[Event "Late-Titled-Tuesday-Blitz-February-27-2024"]
[Site "Chess.com"]
[Date "2024.02.27"]
[Round "10"]
[White "Mikhail_Golubev"]
[Black "Binary010"]
[Result "1-0"]
[WhiteElo "2648"]
[BlackElo "2795"]
[TimeControl "180+1"]
[EndTime "15:56:21 PST"]
[Termination "Mikhail_Golubev won by resignation"]

1. e4 e5 2. Nf3 Nc6 3. Bc4 Nf6 4. Ng5 d5 5. exd5 Na5 6. Bb5+ c6 7. dxc6 bxc6 8.
Bd3 Nd5 9. Nf3 Bd6 10. O-O O-O 11. Re1 f5 12. Nxe5 Qf6 13. Nf3 g5 14. c4 Nf4 15.
Bf1 g4 16. d4 gxf3 17. Qxf3 Ne6 18. Qc3 Qh4 19. h3 c5 20. dxc5 Bxc5 21. Be3 Nc6 22.
Bxc5 Nxc5 23. Nd2 Ne4 24. Nxe4 fxe4 25. g3 Qe7 26. Bg2 Bf5 27. Rad1 Rad8 28. Rd5 Bg6 29. Qe3 Qf6 30. Rxd8 Nxd8 31. Qxa7 Qxb2 32. a4 Nc6 33. Qc5 Ne5 34. Qd5+ Kh8 35. Rf1 Nd3 36. Bxe4 Nxf2 37. Bg2 Qe2 38. Qd4+ Kg8 39. Rxf2 Qe1+ 40. Bf1 Rxf2 41.
Qxf2 Qc3 42. c5 Kg7 43. a5 Be4 44. h4 h5 45. Qf4 Qxc5+ 46. Qf2 Bg6 47. Qxc5 1-0

[Event "Late-Titled-Tuesday-Blitz-February-27-2024"]
[Site "Chess.com"]
[Date "2024.02.27"]
[Round "10"]
[White "Zhigalko_Sergei"]
[Black "MITerryble"]
[Result "0-1"]
[WhiteElo "2904"]
[BlackElo "3030"]
[TimeControl "180+1"]
[EndTime "15:56:24 PST"]
[Termination "MITerryble won on time"]

1. e4 g6 2. d4 Bg7 3. Nc3 c6 4. Nf3 d5 5. Bd3 Nh6 6. O-O f6 7.
Re1 Nf7 8. Qe2 e6 9. Bf4 O-O 10.
Bg3 Nd7 11. exd5 exd5 12. Qe7 Nb6 13. h3 Bd7 14. a4 Qxe7 15. Rxe7 Rfe8 16. Rxe8+ Bxe8 17. a5 Nd7 18. Ne2 Bf8 19. c4 dxc4 20. Bxc4 Kh8 21.
Nc3 Nd6 22. Be6 Rd8 23. Re1 Kg7 24. Nd2 Bf7 25. Bxf7 Kxf7 26. Nb3 Nc4 27. Re2 Re8 28.
Ne4 Nxb2 29. Ng5+ fxg5 30. Rxb2 b6 31. axb6 axb6 32. Rc2 Re6 33. f3 Nf6 34. Nd2 c5 35.
dxc5 Bxc5+ 36. Kh2 Re2 37. Rb2 Bd4 38. Ra2 Ke6 39.
f4 g4 40. f5+ gxf5 41. Nb3 Bg1+ 42. Kxg1 Rxa2 43. Nd4+ Kf7 44. Nxf5 gxh3 45. gxh3 Ne4 46. Bf4 b5 47. Nd4 b4 48. Be5 Kg6 0-1

[Event "Late-Titled-Tuesday-Blitz-February-27-2024"]
[Site "Chess.com"]
[Date "2024.02.27"]
[Round "10"]
[White "morte-negra"]
[Black "Englishman_18"]
[Result "0-1"]
[WhiteElo "2055"]
[BlackElo "2313"]
[TimeControl "180+1"]
[EndTime "15:56:24 PST"]
[Termination "Englishman_18 won by resignation"]

1. e4 c5 2. Nf3 d6 3. d4 cxd4 4. Nxd4 Nf6 5. Nc3 a6 6. Rg1 Nc6 7. g4 g6 8. h3 Nxd4 9. Qxd4 Bg7 10. Be2 Qa5 11. Bd2 Qc5 12. Qd3 b5 13. Be3 Qc7 14. O-O-O Bb7 15. f3 Rc8 16. Kb1 O-O 17. h4 Rfd8 18.
h5 d5 19. e5 Qxe5 20. Bd4 Qc7 21. hxg6 hxg6 22. g5 Ne8 23. Bxg7 Nxg7 24. Rh1 d4 25.
Ne4 Bxe4 26. fxe4 f6 27. gxf6 exf6 28. Rc1 Qf4 29. Qh3 Kf7 30. Bd3 Qe3 31. Rce1 Qxh3 32.
Rxh3 Rh8 33. Reh1 Rxh3 34. Rxh3 Kg8 35. e5 f5 36. Rg3 Kf7 37. b3 Rh8 38. Kb2 Ne6 39.
a4 Nf4 40. axb5 Nxd3+ 41. Rxd3 axb5 42. Rxd4 Ke6 43. Rb4 g5 44. Rxb5 g4 45. Ra5 Rg8 46. Ra1 g3 47. Rg1 f4 48. Kc3 f3 49. Kd2 f2 50.
Rf1 g2 51. Rxf2 g1=Q 52. Rf6+ Kxe5 0-1

[Event "Late-Titled-Tuesday-Blitz-February-27-2024"]
[Site "Chess.com"]
[Date "2024.02.27"]
[Round "10"]
[White "SilverSwords13"]
[Black "Alexei_Gubajdullin"]
[Result "0-1"]
[WhiteElo "2491"]
[BlackElo "2660"]
[TimeControl "180+1"]
[EndTime "15:56:25 PST"]
[Termination "Alexei_Gubajdullin won by resignation"]

1. e4 g6 2. d4 Bg7 3. Nc3 d6 4. Be3 a6 5. Qd2 Nd7 6. f3 b5 7.
h4 h6 8. h5 g5 9. Nge2 c5 10.
O-O-O cxd4 11. Bxd4 Ngf6 12. Ng3 e6 13. Kb1 O-O 14. Be3 b4 15. Nce2 d5 16. Qxb4 Rb8 17. Qd6 Rxb2+ 18. Kc1 Rxa2 19. exd5 Qa5 20. Bd4 Nxd5 21.
Bxg7 Kxg7 22. c3 Nc5 23. Nf5+ exf5 24. Rxd5 Qa3+ 25. Kd1 Ra1+ 26. Kd2 Qb2+ 27. Ke3 Re8+ 28. Kf2 Ra2 29. Re5 Nd3+ 30. Qxd3 Rxe5 31. Qd4 f6 32. Rg1 Rxe2+ 33. Bxe2 Qxe2+ 34. Kg3 Qe5+ 35. Qxe5 fxe5 36. Re1 f4+ 37. Kh2 Kf6 38. Rd1 g4 39. Rd6+ Be6 40. fxg4 f3 41. Kg3 fxg2 42. Kh2 e4 43. g5+ hxg5 44. h6 e3 45. Rxe6+ Kxe6 46. h7 e2 47. h8=Q g1=Q+ 48. Kh3 Qh1+ 49. Kg4 Qxh8 0-1

[Event "Late-Titled-Tuesday-Blitz-February-27-2024"]
[Site "Chess.com"]
[Date "2024.02.27"]
[Round "10"]
[White "Nemsko"]
[Black "DonMicheleCorleone"]
[Result "1-0"]
[WhiteElo "2416"]
[BlackElo "2508"]
[TimeControl "180+1"]
[EndTime "15:56:25 PST"]
[Termination "Nemsko won by resignation"]

1. e4 e6 2. d4 d5 3. Nc3 Bb4 4. e5 Bxc3+ 5. bxc3 c5 6. h4 Qa5 7. Bd2 Qa4 8. Nf3 Ne7 9. h5 h6 10. Rh4 c4 11. Rf4 Nbc6 12. Nh4 Bd7 13. a3 Rf8 14. Qg4 O-O-O 15. Kd1 g5 16. hxg6 fxg6 17. Nxg6 Rg8 18. Rf6 Nf5 19. Qh5 Rg7 20. g4 Nfxd4 21. cxd4 Nxd4 22.
Rc1 Qxa3 23. Qxh6 Rdg8 24. Qe3 Nxc2 25. Rxc2 Qxe3 26. Bxe3 Rxg6 27. g5 b6 28. Be2 Kb7 29.
Bh5 R6g7 30. g6 Kc6 31. Bh6 b5 32. Bxg7 Rxg7 33. Rf7 Rg8 34. g7 Be8 35. Rxa7 Bxh5+ 36. Kc1 d4 37. f4 d3 38. Rh2 c3 39. Rxh5 b4 40.
Rh3 d2+ 41. Kc2 Kb5 42. Rd3 Kc4 43. Rc7+ Kb5 44. Rd4 Ka4 45. Ra7+ Kb5 46. Rb7+ Kc5 47. Rdxb4 Ra8 48. R7b5+ Kc6 49. Rb1 Ra2+ 50. Kxc3 1-0

[Event "Late-Titled-Tuesday-Blitz-February-27-2024"]
[Site "Chess.com"]
[Date "2024.02.27"]
[Round "10"]
[White "Peroncio"]
[Black "martinmena"]
[Result "1-0"]
[WhiteElo "2411"]
[BlackElo "2235"]
[TimeControl "180+1"]
[EndTime "15:56:26 PST"]
[Termination "Peroncio won on time"]

1. e4 c6 2. d4 d5 3. exd5 cxd5 4.
c4 Nf6 5. Nc3 g6 6. cxd5 Bg7 7.
Qb3 O-O 8. Be2 Nbd7 9. Bf3 Nb6 10. Nge2 Bf5 11. O-O Bd3 12. Re1 Bc4 13. Qa3 Nbxd5 14. Bg5 Bxe2 15. Rxe2 Nxc3 16. bxc3 e6 17. Bxb7 Rb8 18.
Bf3 Qc7 19. h3 Rfc8 20. Rc1 Qc4 21. Re3 Rb6 22. Qxa7 Ra6 23. Qb7 Rxa2 24. Re5 h6 25. Bh4 Ne8 26. Ree1 Nd6 27. Qd7 Nf5 28. Be7 Qc7 29.
Qxc7 Rxc7 30. Bb4 Rb2 31. Rb1 Rxb1 32. Rxb1 Rc4 33. g3 Rc8 34. Kf1 Bf8 35. d5 Bxb4 36.
cxb4 exd5 37. Bxd5 Rb8 38. b5 Nd6 39. b6 Kf8 40. Ke2 Ke7 41. Kd3 Nb7 42. Kd4 f6 43.
Rc1 Na5 44. Rc5 Rxb6 45. Rxa5 Rd6 46. Ra7+ Ke8 47. Kc5 Rd8 48. Rh7 Rc8+ 49. Bc6+ Kf8 50. Rh8+ Kg7 51. Rxc8 g5 52. Kd6 Kg6 53. Ke6 h5 54.
Be4+ Kg7 55. Rc7+ Kg8 56. Kxf6 g4 57. Bd5+ 1-0

[Event "Late-Titled-Tuesday-Blitz-February-27-2024"]
[Site "Chess.com"]
[Date "2024.02.27"]
[Round "10"]
[White "PattyCastillo"]
[Black "Jahonas"]
[Result "0-1"]
[WhiteElo "2011"]
[BlackElo "2374"]
[TimeControl "180+1"]
[EndTime "15:56:27 PST"]
[Termination "Jahonas won by resignation"]

1. e4 c6 2. d4 d5 3. exd5 cxd5 4.
Nf3 Nf6 5. Bd3 Nc6 6. c3 Bg4 7. Bg5 e6 8. Nbd2 Be7 9. Qb1 h6 10.
Bh4 Nd7 11. Bxe7 Qxe7 12. O-O h5 13. Re1 h4 14. h3 Bxf3 15. Nxf3 g5 16. Nh2 Nf6 17.
Qd1 g4 18. Nxg4 O-O-O 19. Ne5 Nxe5 20. Rxe5 Rdg8 21. Qf3 Nd7 22. Re3 Rg5 23. Rae1 Rhg8 24. Kh1 Qd6 25. b4 R8g7 26. Bf1 Rf5 27. Qe2 Nf6 28. f3 Nh5 29. Qd2 Qg3 30. c4 dxc4 31. Bxc4 Nf4 32. Bd3 Nxg2 33. Bxf5 Nxe1 34. Bg4 f5 35.
Qxe1 Qxe1+ 36. Rxe1 fxg4 37. fxg4 Kd7 38. Kg2 Kd6 39. Re5 Rc7 40. Rh5 Rc2+ 41. Kf3 Rxa2 42. Rxh4 Rb2 43. g5 Rxb4 44. g6 Ke7 45. Rf4 Rb1 46.
g7 Rf1+ 47. Ke4 Rxf4+ 48. Kxf4 Kf7 49. Ke5 a5 50. g8=Q+ Kxg8 51. Kxe6 a4 52. Ke7 a3 53. d5 a2 54. d6 a1=Q 55. d7 Qe5+ 56. Kd8 Kf7 57.
Kc8 Qe6 58. Kc7 Qc4+ 59. Kb8 Ke7 0-1